 Dungeon Crawl Stone Soup version 0.30.0 (webtiles) character file.

Game seed: 14877948566601337726

23985 Zdeegee the Nimble (level 12, 0/92 HPs)
             Began as a Demonspawn Brigand on May 6, 2023.
             Was a Priest of Dithmenos.
             Slain by a catoblepas (12 damage)
             ... on level 3 of the Lair of Beasts on May 7, 2023.
             The game lasted 00:56:45 (18355 turns).

Zdeegee the Nimble (Demonspawn Brigand)            Turns: 18355, Time: 00:56:46

Health: 0/92       AC: 10    Str: 12    XL:     12   Next: 76%
Magic:  17/19      EV: 21    Int: 13    God:    Dithmenos [***...]
Gold:   915        SH:  0    Dex: 22    Spells: 12/20 levels left

rFire   + . .        Y - +1 dagger (freeze)
rCold   x . .        (no shield)
rNeg    . . .        W - +0 steam dragon scales
rPois   .            (helmet unavailable)
rElec   .            c - +0 cloak
rCorr   +            X - +1 pair of gloves
SInv    .            (no boots)
Will    .....        A - amulet of the acrobat
Stlth   +++++        v - ring of the Equinox {Fire Dex+3}
HPRegen 0.35/turn    Z - ring of resist corrosion
MPRegen 0.16/turn

%: acrobat
@: wreathed by umbra
A: horns 3, repulsion field 2, demonic guardian 1
a: Renounce Religion, Shadow Step


You were on level 3 of the Lair of Beasts.
You worshipped Dithmenos.
Dithmenos was most pleased with you.
You visited 2 branches of the dungeon, and saw 13 of its levels.
You also visited: Sewer and Bailey.

You collected 915 gold pieces.

Inventory:

Hand Weapons
 a - a +1 dagger of venom
 b - a +2 falchion of electrocution
 Y - a +1 dagger of freezing (weapon)
Missiles
 d - 33 poisoned darts
 e - 2 curare-tipped darts
 i - 7 boomerangs of dispersal
 I - 9 javelins
Armour
 c - a +0 cloak (worn)
 l - a +2 helmet
 n - the +2 scale mail of Verdant the Good {Str+5 Int+3}
   (You found it on level 2 of the Dungeon)

   Str:       It affects your strength (+5).
   Int:       It affects your intelligence (+3).
 q - a +0 cloak
 J - a +2 ring mail of poison resistance
 S - a +0 robe
 U - the +0 pair of gloves "Fanuubla" {Will- Str+3}
   (You found it on level 9 of the Dungeon)

   Str:       It affects your strength (+3).
   Will:      It decreases your willpower.
 W - +0 steam dragon scales (worn)
 X - a +1 pair of gloves (worn)
Jewellery
 k - a ring of ice
 m - an amulet of guardian spirit
 v - the ring of the Equinox (left hand) {Fire Dex+3}
   (You found it on level 3 of the Dungeon)

   [ring of fire]

   It enhances your fire magic.
   Dex:       It affects your dexterity (+3).
   rF:        It protects you from fire.
   rC:        It makes you vulnerable to cold.
 A - an amulet of the acrobat (around neck)
 Z - a ring of resist corrosion (right hand)
Wands
 p - a wand of paralysis (6)
 r - a wand of mindburst (13)
 C - a wand of quicksilver (4)
 F - a wand of iceblast (5)
 H - a wand of polymorph (8)
 T - a wand of digging (4)
Scrolls
 s - 2 scrolls of blinking
 t - 4 scrolls of amnesia
 x - 4 scrolls of summoning
 y - 3 scrolls of teleportation
 B - 4 scrolls of vulnerability {unknown}
 D - 6 scrolls of enchant weapon
 G - 2 scrolls of fear {unknown}
 M - 4 scrolls of enchant armour
 Q - a scroll of magic mapping {unknown}
 V - a scroll of poison {unknown}
Potions
 f - 6 potions of curing
 g - 2 potions of berserk rage
 h - 2 potions of cancellation
 j - 4 potions of resistance
 o - 2 potions of attraction
 w - a potion of brilliance
 z - a potion of lignification
 E - 6 potions of haste
 K - 2 potions of mutation {unknown}
 L - 2 potions of ambrosia
 N - 3 potions of magic {unknown}
 O - a potion of might {unknown}
 P - a potion of heal wounds {unknown}
 R - a potion of flight {unknown}


   Skills:
 * Level 7.6 Fighting
 * Level 8.2 Short Blades
 + Level 5.2 Throwing
 * Level 7.0 Armour
 * Level 8.4 Dodging
 + Level 7.1 Stealth
 + Level 4.8 Spellcasting
 * Level 7.8 Hexes
 * Level 6.6 Air Magic
 + Level 1.5 Invocations
 + Level 3.7 Evocations


You had 12 spell levels left.
You knew the following spells:

 Your Spells              Type           Power      Damage    Failure   Level
a - Confusing Touch       Hex            23%        N/A       2%          3
b - Slow                  Hex            92%        N/A       1%          1
c - Airstrike             Air            10%        2d(2-18)  12%         4

Your spell library contained the following spells:

 Spells                   Type           Power      Damage    Failure   Level
 Static Discharge         Conj/Air       22%        2-3/arc   8%          2
 Scorch                   Fire           8%         2d5       28%         2
 Sublimation of Blood     Necr           3%         N/A       28%         2
 Wereblood                Tmut           3%         N/A       28%         2
 Summon Lightning Spire   Summ/Air       11%        N/A       43%         4
 Frozen Ramparts          Ice            6%         1d1       50%         3
 Ignite Poison            Fire/Tmut/Pois 4%         N/A       50%         3
 Vampiric Draining        Necr           3%         2d6       50%         3
 Metabolic Englaciation   Hex/Ice        6%         N/A       71%         5
 Ice Form                 Ice/Tmut       3%         N/A       88%         4
 Sticky Flame             Conj/Fire      4%         2d3       88%         4
 Summon Ice Beast         Ice/Summ       3%         N/A       88%         4
 Freezing Cloud           Conj/Ice/Air   4%         6-21      91%         5
 Fireball                 Conj/Fire      2%         3d4       99%         5
 Conjure Ball Lightning   Conj/Air       5%         3x3d6     100%        6
 Summon Hydra             Summ           1%         N/A       100%        7
 Discord                  Hex            11%        N/A       100%        8
 Disjunction              Tloc           1%         N/A       100%        8
 Ignition                 Fire           2%         3d3       100%        8
 Chain Lightning          Conj/Air       5%         3d7       100%        9
 Fire Storm               Conj/Fire      2%         8d1       100%        9
 Shatter                  Erth           1%         3d6*      100%        9


Dungeon Overview and Level Annotations

Branches:
Dungeon (10/15)            Temple (0/1) D:6            Lair (3/5) D:8
 Shoals (0/4) Lair:2       Spider (0/4) Lair:2        Sewer (visited)
 Bailey (visited)
    Orc: D:9-12

Altars:
Ashenzari
Cheibriados
Dithmenos
Gozag
Hepliaklqana
Kikubaaqudgha
Trog
Uskayaw

Shops:
D:2 (

Annotations:
D:3 1 runed translucent door, Crazy Yiuf


Innate Abilities, Weirdness & Mutations

You have a pair of large horns on your head.
You are surrounded by a moderate repulsion field. (EV +3)
A weak demonic guardian rushes to your aid.


Message History

The catoblepas gores you.
You hit the catoblepas but do no damage.
You headbutt the catoblepas.
The catoblepas is lightly wounded.
You hit the catoblepas but do no damage.
You headbutt the catoblepas!
The catoblepas is lightly wounded.
The catoblepas gores you!!
You hit the catoblepas but do no damage.
You headbutt the catoblepas, but do no damage.
The catoblepas is lightly wounded.
The catoblepas gores you!
You hit the catoblepas but do no damage.
You headbutt the catoblepas.
The catoblepas is moderately wounded.
You hit the catoblepas but do no damage.
The catoblepas is moderately wounded.
The catoblepas misses you.
You hit the catoblepas but do no damage.
The catoblepas is moderately wounded.
You hit the catoblepas but do no damage.
Your headbutt misses the catoblepas.
The catoblepas is moderately wounded.
The catoblepas closely misses you.
You hit the catoblepas but do no damage.
You headbutt the catoblepas.
The catoblepas is moderately wounded.
The catoblepas gores you!!
You hit the catoblepas but do no damage.
You headbutt the catoblepas!
The catoblepas is moderately wounded.
You hit the catoblepas but do no damage.
The catoblepas is moderately wounded.
Your hands stop glowing.
The catoblepas gores you!!
* * * LOW HITPOINT WARNING * * *
A demonic guardian appears!
The catoblepas attacks as you move away!
The catoblepas gores you!
You die...

#...##. .# .####.#
#...##. #. ...#...
###.### .. .......
##..# ### .......
#...####### .......
#..###..#.##
###.......
##..#......#
#.#....... #
#.........###.........
#
##....#...##..@Y##....
# ##.###.####..5## . #
#.##.###P....# ##
#.#### ##....##
.####.## ##......#
.(.#...####.###...#
##....#.##.####...##
###....###..#.##...##
#...P.##..##.......P#


You could see a catoblepas (ally target) and a friendly white imp (summoned).

Vanquished Creatures
  A hydra (Lair:3)
  An orc knight (Bailey)
  A manticore (Lair:2)
  A black mamba (Lair:1)
  5 cane toads
  3 rime drakes
  3 komodo dragons
  A meliai (Lair:2)
  A hornet (Lair:3)
  A wind drake (Lair:2)
  Grinder (D:6)
  A polar bear (Lair:1)
  7 blink frogs
  2 wyverns
  2 wraiths
  A shadow (D:9)
  A basilisk (Lair:3)
  17 yaks
  2 steam dragons
  3 water moccasins
  An acid dragon (D:10)
  Duvessa (D:4)
  12 orc warriors
  2 ice beasts
  A sky beast (D:7)
  6 wolves (Lair:1)
  An ogre (D:4)
  2 centaurs
  A phantom (D:4)
  4 kobold brigands (D:8)
  3 gnoll sergeants
  4 bullfrogs
  2 scorpions
  A wight (D:8)
  Dowan (D:4)
  19 killer bees
  An electric eel (Lair:1)
  6 orc priests
  8 hounds
  5 jellies
  A gnoll bouda (D:5)
  4 iguanas
  Natasha (thrice) (D:3)
  6 orc wizards
  3 hell rats (Lair:1)
  11 gnolls
  3 adders
  2 river rats (D:3)
  A shadow imp (D:8)
  2 white imps (D:6)
  An ufetubus (D:4)
  2 worms
  4 dart slugs
  49 orcs
  5 endoplasms
  13 giant cockroaches
  3 hobgoblins
  4 jackals (D:5)
  10 quokkas
  7 ball pythons
  4 bats
  8 frilled lizards
  8 goblins
  20 kobolds
  5 rats
315 creatures vanquished.

Vanquished Creatures (collateral kills)
  A blink frog (Lair:1)
  An orc warrior (Bailey)
  A hell rat (Lair:1)
  An adder (Sewer)
  An orc (D:3)
  2 giant cockroaches (Sewer)
7 creatures vanquished.

Vanquished Creatures (others)
  A wizard (D:6)
  A rime drake (Lair:3)
  2 bushes (Lair:3)
  10 fungi
  18 plants
32 creatures vanquished.

Grand Total: 354 creatures vanquished

Notes
Turn   | Place    | Note
-------+----------+-------------------------------------------
     0 | D:1      | Zdeegee the Demonspawn Brigand began the quest for the Orb.
     0 | D:1      | Reached XP level 1. HP: 16/16 MP: 1/1
    91 | D:1      | Reached skill level 1 in Dodging
   382 | D:1      | Gained mutation: A weak demonic guardian rushes to your
                  | aid. [demonic ancestry]
   382 | D:1      | Reached XP level 2. HP: 22/22 MP: 2/2
  1115 | D:2      | Found Woadeam's Weapon Boutique.
  1252 | D:2      | Identified the +2 scale mail of Verdant the Good {Str+5
                  | Int+3}
  1614 | D:2      | Found a faded altar of an unknown god.
  2004 | D:3      | Reached skill level 1 in Invocations
  2004 | D:3      | Gained mutation: You have a pair of small horns on your
                  | head. [demonic ancestry]
  2004 | D:3      | Reached XP level 3. HP: 22/27 MP: 3/3
  2307 | D:3      | Noticed Natasha
  2357 | D:3      | Killed Natasha
  2358 | D:3      | Gained mutation: You are surrounded by a mild repulsion
                  | field. (EV +2) [demonic ancestry]
  2358 | D:3      | Reached XP level 4. HP: 16/33 MP: 1/4
  2399 | D:3      | Reached skill level 1 in Armour
  2401 | D:3      | Found a glowing drain.
  2403 | D:3      | You fall into a shaft and drop 1 floor!
  2481 | Sewer    | Entered a sewer
  2502 | Sewer    | Reached skill level 1 in Hexes
  2701 | Sewer    | Reached XP level 5. HP: 38/38 MP: 6/6
  2814 | Sewer    | Reached skill level 1 in Air Magic
  2814 | Sewer    | Reached XP level 6. HP: 32/46 MP: 3/7
  2815 | Sewer    | Got the Discourse on the Conflagrant Chill
  3224 | D:3      | Identified the ring of the Equinox {Fire Dex+3}
  3416 | D:3      | Found a runed translucent door.
  3417 | D:3      | Noticed Crazy Yiuf
  3465 | D:3      | Noticed Natasha
  3476 | D:3      | Killed Natasha
  3617 | D:3      | Noticed Natasha
  3628 | D:3      | Killed Natasha
  4114 | D:4      | Noticed Duvessa
  4115 | D:4      | Noticed Dowan
  4153 | D:4      | Killed Duvessa
  4154 | D:4      | Gained mutation: You have a pair of horns on your head.
                  | [demonic ancestry]
  4154 | D:4      | Reached XP level 7. HP: 30/52 MP: 8/8
  4166 | D:4      | Killed Dowan
  4741 | D:4      | Learned a level 3 spell: Confusing Touch
  5416 | D:5      | Entered Level 5 of the Dungeon
  5786 | D:5      | Reached XP level 8. HP: 31/58 MP: 9/9
  6847 | D:6      | Found a staircase to the Ecumenical Temple.
  7358 | D:6      | Noticed Grinder
  7372 | D:6      | Killed Grinder
  7486 | D:6      | Reached skill level 5 in Dodging
  7596 | D:6      | Found a bloodstained altar of Trog.
  7627 | D:6      | Found a hide-covered altar of Uskayaw.
  7994 | D:6      | Found an opulent altar of Gozag.
  7994 | D:6      | Found a broken altar of Ashenzari.
  8134 | D:6      | Noticed a wizard
  8139 | D:6      | Killed a wizard
  8220 | D:7      | Found a shadowy altar of Dithmenos.
  8653 | D:7      | Found a flagged portal.
  8680 | D:7      | Reached skill level 5 in Short Blades
  8680 | D:7      | Gained mutation: You are surrounded by a moderate repulsion
                  | field. (EV +3) [demonic ancestry]
  8680 | D:7      | Reached XP level 9. HP: 54/65 MP: 10/10
  8691 | Bailey   | Entered a bailey
  8766 | Bailey   | Reached skill level 5 in Stealth
  8999 | Bailey   | Reached skill level 1 in Evocations
  9061 | Bailey   | Reached skill level 5 in Fighting
  9061 | Bailey   | Reached skill level 5 in Armour
  9061 | Bailey   | Reached skill level 5 in Hexes
  9061 | Bailey   | Gained mutation: You have a pair of large horns on your
                  | head. [demonic ancestry]
  9061 | Bailey   | Reached XP level 10. HP: 76/76 MP: 10/13
  9062 | Bailey   | Reached skill level 5 in Air Magic
  9062 | Bailey   | Reached XP level 11. HP: 83/83 MP: 10/15
  9104 | Bailey   | Noticed an orc knight
  9228 | Bailey   | Killed an orc knight
  9457 | Bailey   | Reached skill level 5 in Throwing
  9948 | D:7      | Found a snail-covered altar of Cheibriados.
 10182 | D:7      | Found an ancient bone altar of Kikubaaqudgha.
 10224 | D:7      | Found a hazy altar of Hepliaklqana.
 10349 | D:7      | Became a worshipper of Dithmenos the Shadowed
 10628 | D:8      | Learned a level 1 spell: Slow
 10633 | D:8      | Learned a level 4 spell: Airstrike
 10656 | D:8      | Found a staircase to the Lair.
 10839 | D:8      | Reached * piety under Dithmenos
 12993 | D:9      | Reached ** piety under Dithmenos
 13031 | D:9      | Identified the +0 pair of gloves "Fanuubla" {Will- Str+3}
 13325 | D:10     | Entered Level 10 of the Dungeon
 13418 | Lair:1   | Entered Level 1 of the Lair of Beasts
 13875 | Lair:1   | Reached XP level 12. HP: 19/91 MP: 4/17
 14339 | Lair:1   | HP: 4/83 [hell rat (5)]
 15248 | Lair:2   | You fall into a shaft and drop 1 floor!
 15324 | Lair:2   | Found a staircase to the Shoals.
 16192 | Lair:2   | Reached *** piety under Dithmenos
 16358 | Lair:2   | Found a hole to the Spider Nest.
 17746 | Lair:3   | Noticed a death yak
 17747 | Lair:3   | Noticed a death yak
 17747 | Lair:3   | Noticed a death yak
 17748 | Lair:3   | Noticed a death yak
 17995 | Lair:3   | Noticed a five-headed hydra
 17997 | Lair:3   | Killed a five-headed hydra
 18333 | Lair:3   | Noticed a catoblepas
 18355 | Lair:3   | Slain by a catoblepas

Illustrated notes

Levels and vault maps discovered:
D:1:      elethiomel_arrival_infinity_welcomes_careful_drivers,
          layout_loops_ring, grunt_decor_mini_mirrors
D:2:      layout_basic, shapermc_ecumenical_altar_acropolis, serial_shops,
          nicolae_shop_bloodbath_and_beyond
D:3:      layout_rooms, mainiacjoe_overflow_24_doors,
          cheibrodos_sewer_entry_sluice, uniq_natasha, uniq_crazy_yiuf_cottage
D:4:      layout_layer_cave, uniq_duvessa
D:5:      nicolae_cairo_tiling_large, layout_basic, nicolae_grassy_gnolls
D:6:      layout_basic, trog_wizard, lemuel_doored_altar,
          gammafunk_temple_overflow_statue, minmay_temple_entry_butterflies,
          uniq_grinder
D:7:      layout_rooms, mainiacjoe_overflow_surrounded_room,
          kennysheep_mini_moat, lemuel_crystal_altar,
          mainiacjoe_overflow_catwalk, enter_bailey_3
D:8:      layout_cave_pools, elyvilon_altar_3, dpeg_oklobed_lair, st_stairs_4,
          kennysheep_potato
D:9:      layout_rooms, minmay_misc_feat_ornament
D:10:     layout_cave_pools, kennysheep_mini, marbit_many_paths
Lair:1:   layout_cellular_growth, eino_small_chamber_without_monster,
          st_stairs_6, chequers_serial_rivers_large_b, grunt_megastairs_5,
          serial_bayou_shore_a
Lair:2:   layout_roguey, minmay_shoals_entry_beasts,
          hellmonk_spider_entry_not_the_bees
Lair:3:   layout_layer_cave, hibernation_bobbens, lemuel_fruit_tree

Skill      XL: |  1  2  3  4  5  6  7  8  9 10 11 12 |
---------------+-------------------------------------+-----
Dodging        | 1 2 3 4 5 6 7 8 |  8.4
Short Blades   | 2 3 4 5 6 7 8 |  8.2
Invocations    | 1 |  1.5
Stealth        | 4 5 6 7 |  7.1
Armour         | 1 2 3 5 6 7 |  7.0
Hexes          | 1 2 3 5 6 7 |  7.8
Throwing       | 2 4 5 |  5.2
Air Magic      | 1 2 3 4 5 6 |  6.6
Fighting       | 3 4 5 6 7 |  7.6
Evocations     | 2 3 |  3.7
Spellcasting   | 2 3 4 |  4.8

Action                     |  1- 3 |  4- 6 |  7- 9 | 10-12 || total
---------------------------+-------+-------+-------+-------++-------
  Melee: Dagger            |   104 |   197 |   248 |   672 ||  1221
         Headbutt          |     8 |    37 |    50 |   208 ||   303
         Punch             |       |     1 |     7 |     9 ||    17
         Falchion          |       |       |       |    14 ||    14
  Throw: Dart              |    14 |    13 |    34 |    15 ||    76
         Javelin           |       |       |       |     5 ||     5
         Boomerang         |       |       |       |     1 ||     1
   Cast: Confusing Touch   |       |       |     2 |    76 ||    78
         Slow              |       |       |       |     1 ||     1
         Airstrike         |       |       |       |    17 ||    17
  Evoke: Wand              |       |       |    18 |     4 ||    22
    Use: Scroll            |     2 |     3 |     5 |     6 ||    16
         Potion            |       |     1 |     3 |     3 ||     7
   Stab: Sleeping          |     4 |     4 |     6 |    15 ||    29
         Confused          |       |       |     1 |    42 ||    43
 Armour: Robe              |    26 |    41 |    25 |    21 ||   113
         Steam dragon scal |       |       |       |    18 ||    18
  Dodge: Dodged            |    48 |   130 |   235 |   650 ||  1063
